[ AOE2 MATCH · #505036982 ]
UnrankedGoths vs Aztecs
Player's team · LOSS
Rival team · WIN
[ REPLAY ANALYSIS · EXTRACTED FROM THE RECORDED GAME ]
Feudal
13:18
Castle
17:31
Imperial
—
| APM avg | 43.2 |
| APM peak | 87 |
| eAPM avg | 21.3 |
| Villagers / military | 115 / 7 |
Focus
⚔️ 18.7% · 🌾 81.3%
Huskarl ×4 · Militia ×3
Feudal
9:16
Castle
21:01
Imperial
—
| APM avg | 30.7 |
| APM peak | 55 |
| eAPM avg | 16.6 |
| Villagers / military | 81 / 30 |
Focus
⚔️ 27.0% · 🌾 73.0%
Militia ×11 · Archer ×7 · Jaguar Warrior ×7 · Skirmisher ×3 · Spearman ×1 · Battering Ram ×1
Match map
Initial resources + every placement click. Lines = walls · curves = elevation contours. ◆ gold · ⬟ stone · ● berries · ✦ relic · ◌ wall gap
Your base· ✓ Closed at 17:31 · 83t walls · 2 gate(s)
农民快跑's base· Open — opponent sealed themselves in
Smoothed initial terrain · ◌ = detected wall gap · hover for details
Inputs per minute
— hoyohoyo9 - - 农民快跑
Build order — hoyohoyo9
First 150 of 267 actions detected
| 0:01 | Queue | Villager (Male) ×4 |
| 0:02 | Build | House |
| 1:36 | Queue | Villager (Male) |
| 1:50 | Build | House |
| 1:53 | Build | House |
| 1:55 | Build | Lumber Camp |
| 2:03 | Queue | Villager (Male) |
| 2:05 | Queue | Villager (Male) |
| 2:51 | Queue | Villager (Male) |
| 3:00 | Queue | Villager (Male) |
| 3:00 | Queue | Villager (Male) |
| 3:37 | Queue | Villager (Male) |
| 4:10 | Queue | Villager (Male) |
| 4:26 | Queue | Villager (Male) |
| 4:59 | Queue | Villager (Male) |
| 5:09 | Build | Barracks |
| 5:17 | Build | House |
| 5:26 | Queue | Villager (Male) |
| 5:49 | Queue | Militia |
| 5:50 | Queue | Villager (Male) |
| 6:03 | Build | House |
| 6:08 | Build | Palisade Wall |
| 6:08 | Queue | Militia |
| 6:22 | Build | Palisade Wall |
| 6:30 | Queue | Villager (Male) |
| 6:33 | Queue | Militia |
| 6:37 | Build | Palisade Wall |
| 6:52 | Queue | Villager (Male) |
| 7:03 | Build | Mill |
| 7:16 | Queue | Villager (Male) |
| 7:22 | Build | Palisade Wall |
| 7:44 | Queue | Villager (Male) |
| 7:47 | Build | Palisade Gate |
| 7:56 | Queue | Villager (Male) |
| 8:24 | Queue | Villager (Male) |
| 8:28 | Build | Mining Camp |
| 8:32 | Queue | Villager (Male) |
| 8:47 | Build | Palisade Wall |
| 8:48 | Queue | Villager (Male) |
| 9:03 | Queue | Villager (Male) |
| 9:16 | Build | House |
| 9:17 | Build | Palisade Wall |
| 9:19 | Build | Palisade Wall |
| 9:19 | Queue | Villager (Male) |
| 9:46 | Queue | Villager (Male) |
| 9:57 | Build | Palisade Wall |
| 10:00 | Build | House |
| 10:01 | Build | Palisade Wall |
| 10:29 | Build | Palisade Wall |
| 10:35 | Build | Farm |
| 10:35 | Build | Farm |
| 10:41 | Build | Palisade Wall |
| 11:00 | Build | Palisade Gate |
| 11:08 | Research | Feudal Age |
| 11:09 | Build | House |
| 12:15 | Build | Lumber Camp |
| 12:16 | Queue | Villager (Male) |
| 13:18 | Age | Feudal Age |
| 13:24 | Build | Market |
| 13:29 | Build | Blacksmith |
| 13:30 | Queue | Villager (Male) |
| 13:51 | Build | Farm |
| 14:06 | Build | Mining Camp |
| 14:26 | Build | Farm |
| 14:51 | Research | Castle Age |
| 14:51 | Research | Castle Age |
| 15:00 | Build | Farm |
| 15:02 | Build | Farm |
| 16:11 | Build | House |
| 16:51 | Build | House |
| 16:56 | Build | Palisade Wall |
| 17:01 | Build | House |
| 17:05 | Build | House |
| 17:13 | Build | Palisade Wall |
| 17:15 | Build | Palisade Wall |
| 17:31 | Age | Castle Age |
| 17:38 | Research | Loom |
| 17:38 | Queue | Villager (Male) |
| 17:50 | Build | Castle |
| 17:57 | Queue | Villager (Male) |
| 18:06 | Build | Town Center |
| 18:13 | Research | Double-Bit Axe |
| 18:48 | Queue | Villager (Male) |
| 18:53 | Queue | Villager (Male) |
| 18:57 | Queue | Huskarl |
| 18:57 | Queue | Huskarl |
| 19:00 | Queue | Huskarl |
| 19:03 | Build | Farm |
| 19:03 | Build | Farm |
| 19:04 | Build | Farm |
| 19:04 | Build | Farm |
| 19:04 | Build | Farm |
| 19:09 | Queue | Villager (Male) |
| 19:16 | Queue | Huskarl |
| 19:32 | Queue | Villager (Male) |
| 19:36 | Build | Farm |
| 19:36 | Build | Farm |
| 19:57 | Queue | Villager (Male) |
| 20:01 | Build | Farm |
| 20:35 | Queue | Villager (Male) |
| 20:36 | Queue | Villager (Male) |
| 20:39 | Build | Farm |
| 20:40 | Build | Farm |
| 20:40 | Build | Farm |
| 20:40 | Build | Farm |
| 20:55 | Queue | Villager (Male) |
| 20:55 | Queue | Villager (Male) |
| 21:07 | Build | Farm |
| 21:07 | Build | Farm |
| 21:07 | Build | Farm |
| 21:18 | Queue | Villager (Male) |
| 21:18 | Queue | Villager (Male) |
| 21:20 | Queue | Villager (Male) |
| 21:29 | Build | Farm |
| 21:34 | Build | Farm |
| 21:41 | Queue | Villager (Male) |
| 21:41 | Queue | Villager (Male) |
| 22:16 | Queue | Villager (Male) |
| 22:16 | Queue | Villager (Male) |
| 22:18 | Queue | Villager (Male) |
| 22:19 | Queue | Villager (Male) |
| 22:19 | Queue | Villager (Male) |
| 22:24 | Queue | Villager (Male) |
| 22:42 | Build | Town Center |
| 23:00 | Queue | Villager (Male) |
| 23:00 | Queue | Villager (Male) |
| 23:08 | Build | Town Center |
| 23:09 | Queue | Villager (Male) |
| 23:10 | Queue | Villager (Male) |
| 23:11 | Build | Farm |
| 23:24 | Queue | Villager (Male) |
| 23:24 | Queue | Villager (Male) |
| 23:29 | Research | Bow Saw |
| 23:40 | Research | Horse Collar |
| 23:40 | Research | Horse Collar |
| 23:45 | Queue | Villager (Male) |
| 23:45 | Queue | Villager (Male) |
| 23:58 | Build | Lumber Camp |
| 23:59 | Queue | Villager (Male) |
| 23:59 | Queue | Villager (Male) |
| 24:13 | Build | Farm |
| 24:14 | Queue | Villager (Male) |
| 24:18 | Build | House |
| 24:25 | Queue | Villager (Male) |
| 24:25 | Queue | Villager (Male) |
| 24:29 | Queue | Villager (Male) |
| 24:30 | Queue | Villager (Male) |
| 24:36 | Build | Farm |
| 24:36 | Build | Farm |
| 24:37 | Build | Farm |
Build order — 农民快跑
First 150 of 229 actions detected
| 0:01 | Queue | Villager (Male) |
| 0:01 | Queue | Villager (Male) |
| 0:02 | Build | House |
| 0:05 | Build | House |
| 0:09 | Queue | Villager (Male) |
| 0:24 | Queue | Villager (Male) |
| 0:24 | Queue | Villager (Male) |
| 1:19 | Queue | Villager (Male) |
| 1:19 | Queue | Villager (Male) |
| 1:28 | Build | Mill |
| 2:05 | Queue | Villager (Male) |
| 2:20 | Queue | Villager (Male) |
| 2:45 | Queue | Villager (Male) |
| 2:46 | Queue | Villager (Male) |
| 3:17 | Queue | Villager (Male) |
| 3:26 | Build | House |
| 3:30 | Queue | Villager (Male) |
| 4:02 | Queue | Villager (Male) |
| 4:03 | Queue | Villager (Male) |
| 4:16 | Queue | Villager (Male) |
| 4:19 | Queue | Villager (Male) |
| 4:32 | Queue | Villager (Male) |
| 4:38 | Build | Lumber Camp |
| 5:05 | Queue | Villager (Male) |
| 5:20 | Queue | Villager (Male) |
| 5:21 | Queue | Villager (Male) |
| 5:43 | Queue | Villager (Male) |
| 5:46 | Queue | Villager (Male) |
| 5:46 | Queue | Villager (Male) |
| 6:15 | Queue | Villager (Male) |
| 6:32 | Research | Loom |
| 7:02 | Research | Feudal Age |
| 7:31 | Build | Barracks |
| 7:49 | Build | House |
| 8:24 | Queue | Villager (Male) |
| 8:31 | Build | House |
| 8:46 | Build | House |
| 8:50 | Build | Palisade Wall |
| 8:55 | Build | Palisade Gate |
| 9:04 | Build | House |
| 9:07 | Build | House |
| 9:08 | Build | Palisade Wall |
| 9:13 | Queue | Villager (Male) |
| 9:16 | Age | Feudal Age |
| 9:28 | Research | Double-Bit Axe |
| 9:28 | Research | Double-Bit Axe |
| 9:30 | Queue | Villager (Male) |
| 9:49 | Build | Archery Range |
| 9:59 | Build | Farm |
| 10:08 | Queue | Villager (Male) |
| 10:28 | Build | Mill |
| 10:31 | Queue | Archer |
| 10:33 | Queue | Villager (Male) |
| 10:45 | Queue | Spearman |
| 10:50 | Queue | Skirmisher |
| 10:51 | Queue | Villager (Male) |
| 11:14 | Queue | Skirmisher |
| 11:15 | Queue | Villager (Male) |
| 11:32 | Queue | Villager (Male) |
| 11:48 | Queue | Villager (Male) |
| 11:54 | Build | Farm |
| 12:01 | Queue | Skirmisher |
| 12:01 | Queue | Villager (Male) |
| 12:04 | Build | House |
| 12:12 | Build | Farm |
| 12:14 | Build | Farm |
| 12:15 | Build | Farm |
| 12:16 | Build | Farm |
| 12:17 | Build | Farm |
| 12:21 | Queue | Villager (Male) |
| 12:37 | Build | Mining Camp |
| 12:44 | Build | House |
| 12:45 | Build | Palisade Wall |
| 12:50 | Queue | Villager (Male) |
| 13:24 | Queue | Villager (Male) |
| 13:31 | Queue | Archer |
| 13:35 | Queue | Villager (Male) |
| 13:58 | Build | Blacksmith |
| 14:05 | Build | Palisade Wall |
| 14:13 | Queue | Villager (Male) |
| 14:15 | Queue | Archer |
| 14:33 | Build | House |
| 14:35 | Build | House |
| 14:37 | Research | Fletching |
| 14:42 | Build | Farm |
| 14:43 | Queue | Villager (Male) |
| 15:16 | Queue | Villager (Male) |
| 15:21 | Build | Farm |
| 15:25 | Build | Farm |
| 15:30 | Build | Farm |
| 15:32 | Build | House |
| 15:33 | Build | Palisade Wall |
| 15:35 | Queue | Archer |
| 15:42 | Queue | Villager (Male) |
| 16:04 | Build | Watch Tower |
| 16:05 | Queue | Villager (Male) |
| 16:11 | Build | Farm |
| 16:12 | Build | Farm |
| 16:14 | Queue | Archer |
| 16:15 | Queue | Villager (Male) |
| 16:18 | Queue | Archer |
| 16:45 | Queue | Villager (Male) |
| 16:46 | Queue | Archer |
| 17:04 | Build | Farm |
| 17:05 | Build | Farm |
| 17:07 | Queue | Villager (Male) |
| 17:18 | Build | Mining Camp |
| 17:23 | Research | Town Watch |
| 17:26 | Queue | Villager (Male) |
| 17:38 | Queue | Villager (Male) |
| 18:15 | Build | Market |
| 18:16 | Build | House |
| 18:17 | Queue | Villager (Male) |
| 18:21 | Research | Castle Age |
| 18:21 | Research | Castle Age |
| 19:07 | Research | Man-at-Arms (upgrade) |
| 19:12 | Build | Barracks |
| 19:16 | Research | Gold Mining |
| 19:17 | Research | Stone Mining |
| 19:18 | Queue | Villager (Male) |
| 19:25 | Build | House |
| 19:28 | Build | House |
| 19:33 | Build | Farm |
| 19:44 | Build | Farm |
| 19:51 | Queue | Militia |
| 19:52 | Research | Scale Mail Armor |
| 19:52 | Research | Scale Mail Armor |
| 20:03 | Build | Palisade Wall |
| 20:08 | Queue | Militia |
| 20:08 | Queue | Militia |
| 20:13 | Build | House |
| 20:34 | Queue | Militia |
| 20:34 | Queue | Militia |
| 20:48 | Research | Forging |
| 20:48 | Research | Forging |
| 20:54 | Build | House |
| 21:01 | Age | Castle Age |
| 21:13 | Research | Long Swordsman (upgrade) |
| 21:20 | Research | Squires |
| 21:24 | Build | House |
| 21:27 | Build | Town Center |
| 21:34 | Queue | Villager (Male) |
| 21:40 | Build | House |
| 21:51 | Build | House |
| 21:56 | Build | Palisade Wall |
| 22:06 | Build | Palisade Gate |
| 22:17 | Build | House |
| 22:19 | Build | House |
| 22:21 | Build | Palisade Wall |
| 22:27 | Build | Palisade Wall |
Match timeline
| 5:09 | hoyohoyo9 · first_building Barracks |
| 6:08 | hoyohoyo9 · wall_segment Palisade Wall x5 |
| 6:22 | hoyohoyo9 · wall_segment Palisade Wall x5 |
| 6:37 | hoyohoyo9 · wall_segment Palisade Wall x7 |
| 7:22 | hoyohoyo9 · wall_segment Palisade Wall x2 |
| 7:31 | 农民快跑 · first_building Barracks |
| 8:47 | hoyohoyo9 · wall_segment Palisade Wall x10 |
| 8:50 | 农民快跑 · wall_segment Palisade Wall x1 |
| 9:08 | 农民快跑 · wall_segment Palisade Wall x1 |
| 9:16 | 农民快跑 · age_up feudal |
| 9:17 | hoyohoyo9 · wall_segment Palisade Wall x2 |
| 9:19 | hoyohoyo9 · wall_segment Palisade Wall x18 |
| 9:49 | 农民快跑 · first_building Archery Range |
| 9:57 | hoyohoyo9 · wall_segment Palisade Wall x4 |
| 10:01 | hoyohoyo9 · wall_segment Palisade Wall x5 |
| 10:29 | hoyohoyo9 · wall_segment Palisade Wall x16 |
| 10:41 | hoyohoyo9 · wall_segment Palisade Wall x8 |
| 12:45 | 农民快跑 · wall_segment Palisade Wall x1 |
| 13:18 | hoyohoyo9 · age_up feudal |
| 14:05 | 农民快跑 · wall_segment Palisade Wall x1 |
| 14:22 | hoyohoyo9 · first_market_buy 100 food |
| 15:33 | 农民快跑 · wall_segment Palisade Wall x1 |
| 16:56 | hoyohoyo9 · wall_segment Palisade Wall x1 |
| 17:13 | hoyohoyo9 · wall_segment Palisade Wall x1 |
| 17:15 | hoyohoyo9 · wall_segment Palisade Wall x1 |
| 17:31 | hoyohoyo9 · age_up castle |
| 17:50 | hoyohoyo9 · first_building Castle |
| 20:03 | 农民快跑 · wall_segment Palisade Wall x1 |
| 21:01 | 农民快跑 · age_up castle |
| 21:12 | 农民快跑 · first_market_buy 100 food |
| 21:56 | 农民快跑 · wall_segment Palisade Wall x1 |
| 22:21 | 农民快跑 · wall_segment Palisade Wall x2 |
| 22:27 | 农民快跑 · wall_segment Palisade Wall x1 |
| 24:03 | 农民快跑 · wall_segment Palisade Wall x1 |
| 25:42 | hoyohoyo9 · first_market_sell 100 wood |
| 28:21 | 农民快跑 · first_building Castle |
| 29:31 | 农民快跑 · first_building Siege Workshop |
| 29:33 | hoyohoyo9 · wall_segment Palisade Wall x2 |
| 30:00 | hoyohoyo9 · wall_segment Palisade Wall x3 |
| 31:03 | hoyohoyo9 · resign |
[ AI ANALYSIS · 1 CREDIT ]
What really happened in this match?
Wolo.gg analyzes every decision: build order, eco, micro, common mistakes by bracket. Personalized analysis on WhatsApp or Discord in 30 seconds.
Civ guide
Goths
Perfil
Jugador #237553